[Event "*** Titled Tuesday Blitz"]
[Site "Chess.com"]
[Date "2021.03.02"]
[Round "9"]
[White "champ2005"]
[Black "Parhamov"]
[Result "0-1"]
[WhiteElo "2989"]
[BlackElo "2897"]
[TimeControl "180+1"]
[EndTime "11:49:50 PST"]
[Termination "Parhamov won by resignation"]

1. d4 Nf6 2. Bf4 d5 3. e3 c5 4.
Nf3 Nc6 5. Nbd2 Bf5 6. dxc5 e6 7. Nd4 Bxc5 8. Nxf5 exf5 9. c3 O-O 10. Bd3 g6 11. O-O Qe7 12. Nb3 Bb6 13. Qe2 Ne4 14. Rad1 Rfd8 15.
Rfe1 Rac8 16. Nd4 h5 17. h3 Ne5 18. Bb1 a6 19. Nf3 Nc4 20. Bd3 Qe6 21. Nd4 Qf6 22. Bh2 Ba7 23. Rc1 b5 24. Red1 Re8 25.
Re1 Re7 26. Ra1 Rce8 27. Bxe4 Rxe4 28. b3 Na5 29. Qd2 Nc6 30. Nf3 b4 31. Rac1 bxc3 32. Qxc3 Qxc3 33. Rxc3 Nb4 34. Rc7 Bb8 35. Rd7 Bxh2+ 36.
Kxh2 Nxa2 37. Rxd5 f4 38. Ng5 R4e7 39. e4 Nc3 40. Ra5 f6 41. Nf3 Nxe4 42. Rxa6 g5 43. Re2 Kf7 44. Nd4 Nc5 45. Rxe7+ Rxe7 46. Rc6 Nd3 47.
Rc2 Rb7 48. Rd2 Nc5 49. Rc2 Ne4 50. Re2 Nc3 51. Rc2 Nd5 52. Rc5 Ne7 53. Rc4 Kg6 54.
b4 Ra7 55. b5 Ra2 56. Rc2 Ra4 57. Nc6 Nd5 58. Rd2 Nb6 59. Rd6 Nc8 60. Rd7 Nb6 61. Rd6 Nc8 62. Rd4 Ra2 63. Kg1 Rb2 64. Rb4 Rxb4 65.
Nxb4 Kf5 66. Nd5 Ke5 67. b6 Nd6 68. Nc3 Nb7 69. h4 g4 70. f3 f5 71. Kf2 Kd4 72. Ne2+ Ke5 73. Ke1 Nd6 74. Kd2 Nc4+ 75.
Kd3 Nxb6 76. Nd4 Nd5 77. Nc6+ Kd6 78. Nd4 Ne7 79. Kc4 Ke5 80. Kc5 Ng6 81. Nc6+ Kf6 82.
Kd6 Nxh4 83. Ne5 Nxg2 0-1

[Event "*** Titled Tuesday Blitz"]
[Site "Chess.com"]
[Date "2021.03.02"]
[Round "9"]
[White "PawnEatingZombie"]
[Black "losersgame"]
[Result "1/2-1/2"]
[WhiteElo "2211"]
[BlackElo "2319"]
[TimeControl "180+1"]
[EndTime "11:49:54 PST"]
[Termination "Game drawn by 50-move rule"]

1. d4 Nf6 2. c4 Nc6 3. Nf3 e6 4. Nc3 Bb4 5. Qc2 d6 6. Bd2 e5 7. d5 Bxc3 8. Bxc3 Nb8 9. e3 O-O 10. Bd3 c6 11. dxc6 Nxc6 12. O-O-O Be6 13. Nxe5 dxe5 14.
Bxh7+ Nxh7 15. Rxd8 Rfxd8 16. f4 exf4 17. exf4 Nd4 18.
Bxd4 Rxd4 19. b3 Rxf4 20. Rd1 Nf6 21. Qd2 Re4 22. h3 Rc8 23. Kb2 Re8 24. g4 Bxc4 25. Ka3 Be6 26. g5 Nd5 27. Qf2 a5 28. h4 Nb4 29. Rd2 Bg4 30. Qb6 Re2 31. Rxe2 Rxe2 32. Qd8+ Kh7 33. Ka4 Rxa2+ 34. Kb5 Be2+ 35. Kb6 Rc2 36.
Qe7 Rc6+ 37. Kxb7 Ba6+ 38. Ka7 Rg6 39. Qe4 Kg8 40. Qe8+ Kh7 41. Qxf7 Bd3 42. Qf4 Re6 43. h5 Re8 44. g6+ Kh8 45. Qf7 Rg8 46. h6 Be4 47.
hxg7+ Rxg7 48. Kb6 Rxf7 49. gxf7 Kg7 50. Kxa5 Nd5 51. b4 Kxf7 52. b5 Ke6 53. b6 Kd7 54. Ka6 Kc8 55. b7+ Kb8 56. Kb5 Kxb7 57. Kc5 Nc7 58.
Kd4 Bc6 59. Ke5 Kb6 60. Kd4 Kb5 61. Ke5 Na6 62. Kd6 Nb4 63. Ke5 Kc5 64. Ke6 Bd5+ 65. Ke5 Nd3+ 66. Kf5 Kd4 67. Kf6 Nc5 68. Kf5 Nd7 69.
Kg5 Ke5 70. Kg6 Be6 71. Kh7 Kf6 72. Kh6 Nf8 73. Kh5 Bf5 74. Kh6 Ng6 75. Kh7 Ne7+ 76. Kh8 Be6 77. Kh7 Kf7 78. Kh8 Ng6+ 79. Kh7 Bd7 80.
Kh6 Kf6 81. Kh7 Be6 82. Kh6 Bg8 83. Kh5 Kf5 84. Kh6 Kf6 85. Kh5 Ne5 86. Kh6 Ng4+ 87. Kh5 Kf5 88. Kh4 Bf7 89. Kh3 Kf4 90. Kh4 Bg6 91. Kh3 Ne5 92. Kh4 Nf3+ 93. Kh3 Bf5+ 94.
Kg2 Bg4 95. Kf2 Nd4 96. Ke1 Ke3 97. Kf1 Kf3 98. Ke1 Ke3 99. Kf1 Nc2 100. Kg2 Kf4 101. Kf2 Ke4 102. Kg3 Kf5 103. Kf2 Kf4 104. Kg2 Bf3+ 105.
Kf2 Ke4 106. Kg3 Ke3 1/2-1/2

[Event "*** Titled Tuesday Blitz"]
[Site "Chess.com"]
[Date "2021.03.02"]
[Round "9"]
[White "Vuk2000"]
[Black "Moon_stone123"]
[Result "1/2-1/2"]
[WhiteElo "2657"]
[BlackElo "2518"]
[TimeControl "180+1"]
[EndTime "11:51:00 PST"]
[Termination "Game drawn - insufficient material"]

1. d4 d5 2. Bf4 Nf6 3. e3 g6 4.
Nf3 Bg7 5. c4 O-O 6. Nc3 c5 7. dxc5 Qa5 8. Be5 Nc6 9. cxd5 Nxe5 10. Nxe5 Ne4 11. Qd4 Nxc5 12. b4 Bxe5 13. bxa5 Bxd4 14.
exd4 Nd7 15. Bc4 b6 16. a6 Nf6 17. Kd2 Bf5 18. Rhe1 Rac8 19. Bb3 Rc7 20. f3 Bc8 21. Rac1 Bxa6 22. d6 exd6 23. Ne4 Nxe4+ 24. fxe4 Rfc8 25. Rxc7 Rxc7 26. h4 h5 27. e5 dxe5 28. Rxe5 Kg7 29. d5 Kf6 30. Re8 Bc4 31. d6 Rc6 32. d7 Rd6+ 33. Ke3 Bxb3 34. d8=Q+ Rxd8 35. Rxd8 Bxa2 36. Rd7 a5 37. Rd6+ Kg7 38. Rxb6 a4 39. Ra6 Bb3 40. Kf4 Bd5 41. g3 Bb3 42. Ke5 Bc2 43. Rf6 Bb3 44.
Rf3 Bc4 45. Rf4 Bb3 46. Rf3 Be6 47. Rc3 Bg4 48. Rc4 Bd1 49. Rc5 Bb3 50. Ra5 Bd1 51. Ra6 Bc2 52. Kd6 Bb3 53. Ke7 Bc2 54. Ra5 Bb3 55.
Kd6 Bc2 56. Kd5 Bb3+ 57. Kd4 Kf6 58. Kc3 Bd1 59. Kd2 Bb3 60. Ke3 Ke6 61. Kf4 Kf6 62. Ke4 Bc2+ 63. Kf4 Bb3 64. Ra6+ Kg7 65. Kg5 Bc2 66.
Ra7 Bb3 67. Kf4 Bd1 68. Ke5 Bb3 69. Kd6 Kf6 70. Ra5 Bc2 71. Kd7 Bb3 72. Ke8 Bc2 73.
Ra6+ Kg7 74. Ra5 Bb3 75. Ra6 Bc2 76. Ra5 Bb3 77. Ra7 Kf6 78. Kf8 Kf5 79. Ra5+ Kg4 80. Rg5+ Kf3 81. Kg7 a3 82. Ra5 a2 83. Ra3 Kg4 84. Kf6 Be6 85. Ke5 a1=Q+ 86. Rxa1 Kxg3 87. Rf1 Kxh4 88. Kf6 Kg4 89. Rg1+ Kf4 90. Rf1+ Ke3 91. Rg1 Kf2 92. Rd1 h4 93. Rd2+ Kg3 94. Rd3+ Kg4 95.
Rd4+ Kh3 96. Kg5 Kg3 97. Rd3+ Kf2 98. Kxh4 Bf5 99. Rc3 Be6 100. Kg5 Ke2 101. Kf4 Kf2 102. Rf3+ Ke2 103. Ra3 Kf2 104. Rc3 Ke2 105. Ke4 Kf2 106. Rc2+ Kg3 107. Ke5 Kg4 108. Rf2 Kg3 109. Rf1 Kg4 110. Ke4 Kg3 111. Ke3 Kg4 112. Rf3 Kg5 113. Rf4 f5 114. Rb4 Kf6 115. Kf4 g5+ 116. Ke3 Bd5 117. Ra4 Ke5 118. Kf2 f4 119. Ra7 Be6 120. Rg7 Kf5 121. Kf3 g4+ 122. Kf2 g3+ 123. Rxg3 fxg3+ 124. Kxg3 1/2-1/2

[Event "*** Titled Tuesday Blitz"]
[Site "Chess.com"]
[Date "2021.03.02"]
[Round "10"]
[White "AniJak"]
[Black "googlegoom"]
[Result "1-0"]
[WhiteElo "2337"]
[BlackElo "2453"]
[TimeControl "180+1"]
[EndTime "11:52:31 PST"]
[Termination "AniJak won by resignation"]

1. e4 c5 2. Nc3 Nc6 3. g3 g6 4.
Bg2 Bg7 5. d3 e5 6. Nh3 Nge7 7.
O-O O-O 8. f4 d6 9. f5 gxf5 10.
exf5 Bxf5 11. Rxf5 Nxf5 12. Be4 Nfe7 13. Bxh7+ Kxh7 14. Qh5+ Kg8 15. Ng5 Re8 16. Qxf7+ Kh8 17. Qh5+ Kg8 18.
Qh7+ Kf8 19. Ne6+ 1-0

[Event "*** Titled Tuesday Blitz"]
[Site "Chess.com"]
[Date "2021.03.02"]
[Round "10"]
[White "PaulfromSPb"]
[Black "Brave_spirit12"]
[Result "0-1"]
[WhiteElo "2724"]
[BlackElo "2567"]
[TimeControl "180+1"]
[EndTime "11:53:24 PST"]
[Termination "Brave_spirit12 won by resignation"]

1. e4 e6 2. d4 d5 3. Nd2 c5 4.
Ngf3 Nc6 5. exd5 exd5 6. Bb5 Bd6 7. O-O Ne7 8. dxc5 Bxc5 9. Nb3 Bd6 10. Nfd4 O-O 11. h3 Qc7 12. c3 a6 13. Bd3 Ne5 14. Bc2 N7c6 15. Nf5 Bxf5 16. Bxf5 Rad8 17. Qxd5 Nd3 18.
Qe4 Bh2+ 19. Kh1 Nxf2+ 0-1

[Event "*** Titled Tuesday Blitz"]
[Site "Chess.com"]
[Date "2021.03.02"]
[Round "10"]
[White "gisela_roque"]
[Black "Lyschko"]
[Result "0-1"]
[WhiteElo "1767"]
[BlackElo "2188"]
[TimeControl "180+1"]
[EndTime "11:53:45 PST"]
[Termination "Lyschko won by resignation"]

1. c4 e5 2. Nc3 d6 3. Nf3 f5 4. d3 Nf6 5. g3 Be7 6. Bg2 O-O 7. O-O Qe8 8. Rb1 a5 9. a3 Qh5 10. Bg5 h6 11. Bxf6 Bxf6 12. b4 axb4 13. axb4 e4 0-1

[Event "*** Titled Tuesday Blitz"]
[Site "Chess.com"]
[Date "2021.03.02"]
[Round "10"]
[White "Nikolaj_6"]
[Black "SanQui14"]
[Result "1-0"]
[WhiteElo "2664"]
[BlackElo "2385"]
[TimeControl "180+1"]
[EndTime "11:53:49 PST"]
[Termination "Nikolaj_6 won by resignation"]

1. e4 e6 2. d4 d5 3. Nc3 Bb4 4. e5 c5 5. a3 Bxc3+ 6. bxc3 Qc7 7. h4 b6 8. h5 h6 9. Bb5+ Bd7 10. Bd3 Nc6 11. Nf3 Nge7 12. O-O c4 13. Be2 O-O-O 14. Nh4 Na5 15. a4 Kb8 16. Ba3 Bc6 17. Bd6 Rxd6 18. exd6 Qxd6 19. Re1 Qd7 20. Qb1 Bxa4 21. Qb4 Bc6 22. Rxa5 1-0

[Event "*** Titled Tuesday Blitz"]
[Site "Chess.com"]
[Date "2021.03.02"]
[Round "10"]
[White "FLamps8"]
[Black "Grandmaster2B"]
[Result "1-0"]
[WhiteElo "2666"]
[BlackElo "2504"]
[TimeControl "180+1"]
[EndTime "11:54:07 PST"]
[Termination "FLamps8 won by resignation"]

1. d4 Nf6 2. Nc3 d5 3. Bf4 Bf5 4. e3 e6 5. Bd3 Bg6 6. h4 Bd6 7. h5 Bxd3 8. Qxd3 Nbd7 9. Nf3 Qe7 10. O-O-O O-O-O 11. Ne5 g5 12. Bxg5 Nxe5 13. dxe5 Bxe5 14.
f4 Bd6 15. Qd4 e5 16. Qxa7 Bc5 17. Nxd5 Rxd5 18. Qa8+ Kd7 19. Rxd5+ Nxd5 20. Qa4+ b5 21. Qxb5+ c6 1-0

[Event "*** Titled Tuesday Blitz"]
[Site "Chess.com"]
[Date "2021.03.02"]
[Round "10"]
[White "ukchessbomber"]
[Black "JulianProleiko"]
[Result "0-1"]
[WhiteElo "2536"]
[BlackElo "2449"]
[TimeControl "180+1"]
[EndTime "11:54:11 PST"]
[Termination "JulianProleiko won by resignation"]

1. d4 Nf6 2. e3 d5 3. Bd3 c5 4. Ne2 Nc6 5. c3 e5 6. dxc5 Bxc5 7. O-O e4 8. Bc2 Be6 9. Nf4 O-O 10. b4 Bd6 11.
Nxe6 fxe6 12. h3 Qe8 13. f3 Qg6 14. f4 e5 15. f5 Qg3 16. Bxe4 Kh8 17. Bxd5 e4 18.
Bxc6 Qh2+ 19. Kf2 Bg3+ 20. Ke2 Qxg2+ 0-1

[Event "*** Titled Tuesday Blitz"]
[Site "Chess.com"]
[Date "2021.03.02"]
[Round "10"]
[White "VladimirBugayev"]
[Black "Joseacorrea"]
[Result "1-0"]
[WhiteElo "2299"]
[BlackElo "2078"]
[TimeControl "180+1"]
[EndTime "11:54:28 PST"]
[Termination "VladimirBugayev won by resignation"]

1. e4 c5 2. Nc3 Nc6 3. Bb5 g6 4. Bxc6 bxc6 5. f4 Bg7 6. Nf3 e6 7. O-O Ba6 8. d3 Ne7 9. e5 d5 10. exd6 Qxd6 11. Ne4 Qd5 12. c4 Qh5 13. Qa4 Bb7 14. Nd6+ 1-0

[Event "*** Titled Tuesday Blitz"]
[Site "Chess.com"]
[Date "2021.03.02"]
[Round "10"]
[White "olksuna"]
[Black "agartha01"]
[Result "1-0"]
[WhiteElo "2682"]
[BlackElo "2528"]
[TimeControl "180+1"]
[EndTime "11:54:39 PST"]
[Termination "olksuna won by resignation"]

1. e4 c5 2. Nf3 e6 3. d4 cxd4 4. Nxd4 a6 5. c4 Nf6 6. Nc3 d6 7. Be2 Be7 8. O-O O-O 9. f4 Qc7 10. Be3 Nbd7 11. Rc1 b6 12. Bf3 Bb7 13. g4 Nc5 14. Qc2 e5 15. fxe5 dxe5 16. Nf5 Ne6 17. Nd5 Bxd5 18. cxd5 Nc5 19. b4 Rac8 20. bxc5 bxc5 21.
Nxe7+ Qxe7 22. Bxc5 Qd7 23. Qg2 1-0

[Event "*** Titled Tuesday Blitz"]
[Site "Chess.com"]
[Date "2021.03.02"]
[Round "10"]
[White "Msb2"]
[Black "seorobert1971"]
[Result "1-0"]
[WhiteElo "2895"]
[BlackElo "2668"]
[TimeControl "180+1"]
[EndTime "11:54:42 PST"]
[Termination "Msb2 won by checkmate"]

1. d4 c6 2. c4 d5 3. Nc3 Nf6 4. e3 e6 5. Nf3 Nbd7 6. Bd3 dxc4 7. Bxc4 b5 8. Bb3 Bb7 9. O-O a6 10. e4 b4 11. Na4 Nxe4 12. Re1 Nef6 13. Ng5 Be7 14.
Bxe6 fxe6 15. Nxe6 Qa5 16. Nac5 Nxc5 17. dxc5 Kf7 18. Ng5+ Kf8 19. Rxe7 Kxe7 20. Qd6+ Ke8 21. Qe6+ Kd8 22. Nf7+ Kc7 23. Bf4# 1-0

[Event "*** Titled Tuesday Blitz"]
[Site "Chess.com"]
[Date "2021.03.02"]
[Round "10"]
[White "bocah_sakit"]
[Black "As0nchess"]
[Result "1-0"]
[WhiteElo "2860"]
[BlackElo "2649"]
[TimeControl "180+1"]
[EndTime "11:54:43 PST"]
[Termination "bocah_sakit won by checkmate"]

1. e4 c5 2. Nf3 d6 3. d4 cxd4 4.
Nxd4 Nf6 5. Nc3 Nc6 6. Bg5 e6 7.
Qd2 a6 8. O-O-O h6 9. Nxc6 bxc6 10. Bf4 d5 11. Qe3 Bb4 12. Be2 O-O 13. e5 Nd7 14. Qg3 Qc7 15. Bd3 Kh8 16. Qh4 Bxc3 17. bxc3 Nxe5 18. Bxh6 Nxd3+ 19. Rxd3 Kg8 20. Bxg7 f5 21. Qh8+ Kf7 22. Qxf8+ Kg6 23. Qf6+ Kh5 24. Rh3+ Kg4 25. Rh4# 1-0

[Event "*** Titled Tuesday Blitz"]
[Site "Chess.com"]
[Date "2021.03.02"]
[Round "10"]
[White "Chimpinha"]
[Black "Agoking701"]
[Result "1-0"]
[WhiteElo "2396"]
[BlackElo "2231"]
[TimeControl "180+1"]
[EndTime "11:54:58 PST"]
[Termination "Chimpinha won by resignation"]

1. d4 Nf6 2. c4 e6 3. Nc3 Bb4 4. Nf3 O-O 5. Bg5 d5 6. cxd5 exd5 7. e3 c6 8. Bd3 h6 9. Bh4 Be6 10. O-O Nbd7 11. Ne5 Be7 12. f4 Nxe5 13. dxe5 Ne8 14.
Bxe7 Qxe7 15. f5 Bd7 16. f6 Qc5 17. Qf3 d4 18. fxg7 Nxg7 19. Ne4 Qe7 20. Nf6+ Kh8 21. Qf4 1-0

[Event "*** Titled Tuesday Blitz"]
[Site "Chess.com"]
[Date "2021.03.02"]
[Round "10"]
[White "jerry_77"]
[Black "Shahaliyev"]
[Result "0-1"]
[WhiteElo "2480"]
[BlackElo "2693"]
[TimeControl "180+1"]
[EndTime "11:55:08 PST"]
[Termination "Shahaliyev won on time"]

1. e4 c5 2. Nc3 Nc6 3. Nf3 e6 4. d4 cxd4 5. Nxd4 Qc7 6. Be3 a6 7. Qd2 Nf6 8. f4 Bb4 9. Bd3 d5 10. e5 Ng4 11. Rg1 Nxe3 12. Qxe3 Nxd4 0-1

[Event "*** Titled Tuesday Blitz"]
[Site "Chess.com"]
[Date "2021.03.02"]
[Round "10"]
[White "HanSchut"]
[Black "LogoCzar"]
[Result "0-1"]
[WhiteElo "2223"]
[BlackElo "2338"]
[TimeControl "180+1"]
[EndTime "11:55:12 PST"]
[Termination "LogoCzar won by resignation"]

1. e4 e5 2. Nf3 Nc6 3. Bc4 Nf6 4. d4 exd4 5. e5 d5 6. Bb5 Nd7 7. O-O Be7 8. Re1 O-O 9. Bxc6 bxc6 10. Nxd4 Nb8 11. Qf3 a5 12. c4 dxc4 13. Nxc6 Nxc6 14. Qxc6 Ra6 15. Qxc4 Rg6 16. Nc3 Bb7 17. g3 Qd7 18. Bf4 Qh3 19. Qf1 Qg4 20. Qd3 Qxf4 21. Qxg6 Qf3 0-1

[Event "*** Titled Tuesday Blitz"]
[Site "Chess.com"]
[Date "2021.03.02"]
[Round "10"]
[White "AntonovaNadezhda"]
[Black "Trickster_Pony"]
[Result "1-0"]
[WhiteElo "2127"]
[BlackElo "1460"]
[TimeControl "180+1"]
[EndTime "11:55:18 PST"]
[Termination "AntonovaNadezhda won by resignation"]

1. d4 Nf6 2. Nf3 c5 3. e3 d5 4. Nbd2 Nc6 5. c3 e6 6. Bd3 cxd4 7. exd4 Bd6 8. O-O O-O 9. Re1 Qc7 10. Qe2 Re8 11.
Ne5 Be7 12. Ndf3 Nxe5 13. Nxe5 Nd7 14. Bxh7+ Kf8 15. Bd3 Nxe5 16. dxe5 a6 17. Qh5 Bc5 18. Bg5 Kg8 19. Qh7+ 1-0

[Event "*** Titled Tuesday Blitz"]
[Site "Chess.com"]
[Date "2021.03.02"]
[Round "10"]
[White "exoticprincess"]
[Black "ChessQueen"]
[Result "1-0"]
[WhiteElo "2979"]
[BlackElo "2729"]
[TimeControl "180+1"]
[EndTime "11:55:22 PST"]
[Termination "exoticprincess won by checkmate"]

1. d4 Nf6 2. Nc3 d5 3. Bf4 c5 4.
e3 Bg4 5. f3 cxd4 6. exd4 Bd7 7. Bd3 Nc6 8. Nge2 e6 9. a3 a6 10. Qd2 Qb6 11. O-O-O Rc8 12. Qe3 Na5 13. g4 Be7 14. h4 O-O 15. h5 Bd6 16. g5 Ne8 17. g6 Bxf4 18. Nxf4 fxg6 19. hxg6 h6 20. Nfxd5 exd5 21. Nxd5 Qe6 22. Ne7+ Kh8 23. Rxh6+ gxh6 24. Qxh6# 1-0

[Event "*** Titled Tuesday Blitz"]
[Site "Chess.com"]
[Date "2021.03.02"]
[Round "10"]
[White "NaciSAN"]
[Black "campomania3"]
[Result "1-0"]
[WhiteElo "2293"]
[BlackElo "2153"]
[TimeControl "180+1"]
[EndTime "11:55:24 PST"]
[Termination "NaciSAN won by resignation"]

1. e4 c6 2. d4 d5 3. Nc3 dxe4 4. Nxe4 Bf5 5. Ng3 Bg6 6. Nf3 Nd7 7. Bd3 Bxd3 8. Qxd3 e6 9. O-O Ngf6 10. Re1 Bd6 11. Nf5 Bf8 12. Bf4 Qb6 13. Nd6+ Bxd6 14. Bxd6 Qb5 15.
c4 Qa6 16. b4 O-O-O 17. b5 Qa4 18. bxc6 Qxc6 19. c5 h5 20. Ne5 Nxe5 21. dxe5 Ng4 22.
Qa3 Qa6 23. Qxa6 bxa6 24. c6 f5 25. Rab1 1-0

[Event "*** Titled Tuesday Blitz"]
[Site "Chess.com"]
[Date "2021.03.02"]
[Round "10"]
[White "Gabrielian_Artur"]
[Black "rquery98"]
[Result "1-0"]
[WhiteElo "2802"]
[BlackElo "2648"]
[TimeControl "180+1"]
[EndTime "11:55:26 PST"]
[Termination "Gabrielian_Artur won by resignation"]

1. e4 e5 2. Nc3 Nf6 3. g3 Bc5 4. Bg2 O-O 5. Nge2 Nc6 6. O-O d6 7. Na4 a6 8. Nxc5 dxc5 9. d3 Re8 10. h3 Nd7 11. f4 Nf8 12. f5 Nd4 13. c3 Nc6 14. f6 g6 15. Be3 Qd6 16. Qd2 Rd8 17. Rad1 Ne6 18. g4 b6 19. Ng3 Nf4 20. Bxf4 exf4 21.
Rxf4 Be6 22. Kh2 Bxa2 23. e5 Qe6 24. Bxc6 Qxc6 25. Rf2 Bb3 26. Qh6 1-0

[Event "*** Titled Tuesday Blitz"]
[Site "Chess.com"]
[Date "2021.03.02"]
[Round "10"]
[White "indfraeng"]
[Black "FMalexhdez"]
[Result "1-0"]
[WhiteElo "2398"]
[BlackElo "2177"]
[TimeControl "180+1"]
[EndTime "11:55:31 PST"]
[Termination "indfraeng won by resignation"]

1. d4 Nf6 2. c4 e6 3. g3 d5 4.
Bg2 Be7 5. Nf3 O-O 6. O-O Ne4 7. Qc2 c6 8. Nbd2 f5 9. Ne5 Nd7 10. Nd3 Ndf6 11. e3 Bd7 12. f3 Nxd2 13. Bxd2 Be8 14.
Ne5 Nd7 15. Nd3 Bd6 16. Bc3 Kh8 17. b3 Bg6 18. Nf4 Bf7 19. Rae1 Bg8 20. Nd3 Qg5 21.
e4 fxe4 22. fxe4 Rxf1+ 23. Kxf1 Rf8+ 24. Kg1 e5 25. exd5 exd4 26. Bxd4 cxd5 27. c5 Bc7 28. b4 Ne5 29. Nxe5 Bxe5 30. Bxe5 1-0

[Event "*** Titled Tuesday Blitz"]
[Site "Chess.com"]
[Date "2021.03.02"]
[Round "10"]
[White "dbrankovic68"]
[Black "azikom"]
[Result "1/2-1/2"]
[WhiteElo "2484"]
[BlackElo "2650"]
[TimeControl "180+1"]
[EndTime "11:55:32 PST"]
[Termination "Game drawn by repetition"]

1. e4 c5 2. Nf3 d6 3. d4 cxd4 4. Nxd4 Nf6 5. Nc3 a6 6. Bg5 e6 7.
f4 Nbd7 8. Qf3 Be7 9. O-O-O Qc7 10. Kb1 b5 11. a3 Bb7 12. g4 O-O 13. Bxf6 Bxf6 14.
g5 Bxd4 15. Rxd4 e5 16. Rd2 exf4 17. Qxf4 Ne5 18. h4 Rac8 19. h5 Qe7 20. Be2 f6 21. g6 h6 22. Bg4 Rc4 23. Be2 Rc5 24. Rhd1 Rd8 25. Qe3 Qc7 26. Bf1 Kf8 27. Be2 Ke7 28. Qd4 Ba8 29. Qe3 Qc8 30. Rd4 Qc7 31. R4d2 Bb7 32. Rd4 Ba8 33. R4d2 1/2-1/2

[Event "*** Titled Tuesday Blitz"]
[Site "Chess.com"]
[Date "2021.03.02"]
[Round "10"]
[White "Evachess2006"]
[Black "zurzan"]
[Result "0-1"]
[WhiteElo "1594"]
[BlackElo "2050"]
[TimeControl "180+1"]
[EndTime "11:55:35 PST"]
[Termination "zurzan won on time"]

1. e4 Nf6 2. e5 Nd5 3. c4 Nb6 4. d4 d6 5. exd6 cxd6 6. Nf3 g6 7. Bf4 Bg7 8. Nc3 O-O 9. Be2 Bg4 10. h3 Bxf3 11.
Bxf3 Nc6 12. b3 Bxd4 13. Rc1 Bg7 14. Nd5 e5 15. Nxb6 Qxb6 16. Bxc6 exf4 17. Be4 Rae8 0-1

[Event "*** Titled Tuesday Blitz"]
[Site "Chess.com"]
[Date "2021.03.02"]
[Round "10"]
[White "Alniro4"]
[Black "j2806"]
[Result "1/2-1/2"]
[WhiteElo "2250"]
[BlackElo "2082"]
[TimeControl "180+1"]
[EndTime "11:55:38 PST"]
[Termination "Game drawn by repetition"]

1. e4 c5 2. c3 d5 3. exd5 Qxd5 4. d4 Nf6 5. Nf3 Bg4 6. Be2 Nc6 7. h3 Bh5 8. O-O e6 9. Be3 cxd4 10. Nxd4 Bxe2 11. Qxe2 Nxd4 12. Bxd4 Be7 13. Rd1 Qc6 14. Nd2 O-O 15. Qc4 Qxc4 16. Nxc4 b6 17. Ne5 Nd5 18.
Nc6 Bf6 19. Bxf6 Nxf6 20. c4 g6 21. b3 Kg7 22. Kf1 Rfc8 23. Ne5 Rd8 24. Ke2 Ne8 25.
Nc6 Rdc8 26. Ne5 Rd8 27. Nc6 Rdc8 28. Ne5 Rd8 1/2-1/2

[Event "*** Titled Tuesday Blitz"]
[Site "Chess.com"]
[Date "2021.03.02"]
[Round "10"]
[White "Sjakkerntobi"]
[Black "Orest_Vovk"]
[Result "1-0"]
[WhiteElo "2349"]
[BlackElo "2473"]
[TimeControl "180+1"]
[EndTime "11:55:40 PST"]
[Termination "Sjakkerntobi won by resignation"]

1. d4 e5 2. dxe5 Nc6 3. Nf3 Qe7 4. Bf4 Qb4+ 5. Bd2 Qxb2 6. Nc3 Bb4 7. Rb1 Qxc3 8.
Bxc3 Bxc3+ 9. Nd2 Nxe5 10. e3 Nf6 11. Rb3 Ba5 12. Bd3 d5 13. O-O O-O 14. Nf3 Nxf3+ 15. Qxf3 c6 16. h3 b5 17. Rbb1 a6 18. e4 Be6 19. e5 Nd7 20. Qg3 Bc3 21. f4 f5 22.
exf6 Rxf6 23. Bxh7+ Kxh7 24. Qxc3 Bf5 25. Rbd1 Be4 26. Rfe1 Nb6 27. Rxe4 dxe4 28. Qe5 Nd5 29. Qxe4+ g6 30. g3 Ra7 31. c4 Nc3 32. Qe3 Nxd1 33. Qxa7+ Kh6 34. Qd4 1-0

[Event "*** Titled Tuesday Blitz"]
[Site "Chess.com"]
[Date "2021.03.02"]
[Round "10"]
[White "bratkoo"]
[Black "mikolka1985"]
[Result "0-1"]
[WhiteElo "2525"]
[BlackElo "2655"]
[TimeControl "180+1"]
[EndTime "11:55:42 PST"]
[Termination "mikolka1985 won by resignation"]

1. e4 e5 2. Nf3 Nc6 3. Bc4 Bc5 4. c3 Nf6 5. d4 exd4 6. b4 Bb6 7. O-O O-O 8. e5 Ne4 9. cxd4 d5 10. exd6 Nxd6 11. Bd3 Nxb4 12. Bg5 f6 13. Qb3+ Kh8 14. Bxf6 Rxf6 15. Qxb4 Rxf3 16. gxf3 Qg5+ 17. Kh1 Qf4 18.
Nd2 a5 19. Qa3 Qxd2 20. Rae1 Bh3 21. Rg1 Qxf2 0-1

[Event "*** Titled Tuesday Blitz"]
[Site "Chess.com"]
[Date "2021.03.02"]
[Round "10"]
[White "BvsN"]
[Black "Na_binci"]
[Result "1-0"]
[WhiteElo "2291"]
[BlackElo "2153"]
[TimeControl "180+1"]
[EndTime "11:55:43 PST"]
[Termination "BvsN won by checkmate"]

1. c4 g6 2. e4 Bg7 3. d4 d6 4. Nc3 Nf6 5. Nge2 O-O 6. f3 Nc6 7. Be3 a6 8. Qd2 Na5 9. Ng3 b5 10. Bh6 Nxc4 11. Bxc4 bxc4 12. h4 c5 13. h5 cxd4 14.
Bxg7 Kxg7 15. hxg6 dxc3 16. Qh6+ Kg8 17. Nh5 Ne8 18.
Qxh7# 1-0

[Event "*** Titled Tuesday Blitz"]
[Site "Chess.com"]
[Date "2021.03.02"]
[Round "10"]
[White "Fy_Rakotomaharo"]
[Black "davigator"]
[Result "1-0"]
[WhiteElo "2712"]
[BlackElo "2390"]
[TimeControl "180+1"]
[EndTime "11:55:44 PST"]
[Termination "Fy_Rakotomaharo won by checkmate"]

1. a3 g6 2. h4 h5 3. d4 Bg7 4. b4 Nf6 5. Bb2 d5 6. Nd2 c6 7. e3 O-O 8. c4 Bg4 9. Qb3 Be6 10. Ngf3 Na6 11. Ng5 Bf5 12. Be2 Nc7 13. Rc1 Qd7 14.
Ndf3 Qd8 15. Ne5 Nfe8 16. cxd5 cxd5 17. e4 dxe4 18. Nexf7 Qd5 19. Bc4 e6 20. Bxd5 Nxd5 21. Ne5 Nef6 22. O-O Rad8 23. Rc5 Ng4 24. Nxg4 hxg4 25.
Re1 Bf6 26. Nxe4 Bxh4 27. g3 Be7 28. Nc3 Bxc5 29. dxc5 Nf6 30. Rxe6 Bxe6 31. Qxe6+ Kh7 32.
Qe7+ Kh6 33. Ne4 Nxe4 34. Qh4# 1-0

[Event "*** Titled Tuesday Blitz"]
[Site "Chess.com"]
[Date "2021.03.02"]
[Round "10"]
[White "MendozaDavid2000"]
[Black "RamyresCoelho"]
[Result "1-0"]
[WhiteElo "2335"]
[BlackElo "2080"]
[TimeControl "180+1"]
[EndTime "11:55:48 PST"]
[Termination "MendozaDavid2000 won by resignation"]

1. d4 c5 2. d5 e6 3. c4 d6 4.
Nc3 Nf6 5. e4 e5 6. Bd3 Be7 7.
Nge2 O-O 8. O-O Ne8 9. Ng3 Bg5 10. f4 exf4 11. Bxf4 Bxf4 12. Rxf4 Nd7 13. Nf5 Ne5 14. Qd2 Bxf5 15. Rxf5 Nf6 16. Raf1 a6 17. Be2 Kh8 18. Rxf6 gxf6 19. Nd1 Rg8 20. Ne3 b5 21. b3 bxc4 22. bxc4 Rg7 23. Nf5 Rg5 24. h4 Rg3 25. Nxg3 Qd7 26.
Qh6 1-0

[Event "*** Titled Tuesday Blitz"]
[Site "Chess.com"]
[Date "2021.03.02"]
[Round "10"]
[White "CM_rui"]
[Black "Kapibara_Warri0r"]
[Result "1-0"]
[WhiteElo "2347"]
[BlackElo "2222"]
[TimeControl "180+1"]
[EndTime "11:55:58 PST"]
[Termination "CM_rui won by resignation"]

1. e4 e5 2. Nc3 Nf6 3. f4 d5 4. fxe5 Nxe4 5. d3 Nxc3 6. bxc3 c5 7. d4 Nc6 8. Nf3 cxd4 9. cxd4 Bb4+ 10. Bd2 Bxd2+ 11. Qxd2 Bf5 12. Rb1 Qd7 13. Bb5 a6 14. Ba4 b5 15. Bb3 O-O 16. O-O Be4 17. Ng5 a5 18.
Nxe4 dxe4 19. c3 b4 20. Rxf7 Rxf7 21. e6 Qa7 22. exf7+ Kh8 23. Qf4 Rf8 24. Qd6 Qa8 25. Bd5 bxc3 26. Bxc6 c2 27. Rc1 1-0

[Event "*** Titled Tuesday Blitz"]
[Site "Chess.com"]
[Date "2021.03.02"]
[Round "10"]
[White "Lion-Al-Messi"]
[Black "AliKa2810"]
[Result "0-1"]
[WhiteElo "2441"]
[BlackElo "2562"]
[TimeControl "180+1"]
[EndTime "11:56:01 PST"]
[Termination "AliKa2810 won by resignation"]

1. d4 Nf6 2. Nf3 g6 3. Nc3 d5 4.
Bg5 Bg7 5. e3 h6 6. Bxf6 Bxf6 7.
Bd3 c5 8. O-O Nc6 9. dxc5 O-O 10. e4 Bxc3 11. bxc3 dxe4 12. Bxe4 Qa5 13. Qd2 Kg7 14.
Bxc6 bxc6 15. Qd4+ f6 16. Rfe1 e5 17. Nxe5 fxe5 18.
Rxe5 Kf7 19. Rae1 Qd8 20. Re7+ Qxe7 21. Rxe7+ Kxe7 22. Qg7+ Rf7 23. Qxg6 Be6 24. Qxh6 Rg8 25. Qh4+ Kd7 26. Qd4+ Kc8 27. g3 Bd5 28. c4 Bf3 29.
Qe3 Rd8 30. Qe6+ Kb8 0-1